NCAA
OREGON DUCKS @ NOTRE DAME FIGHTING IRISH
05/23/2023
 
TOP OF THE 1ST
Oregon Ducks batting - Pitching for Notre Dame Fighting Irish : RHP Michael Young
Pitching: RHP Michael Young
Batting: RHB Tony Cabrera 0-0: Fly out, F7 (Flyball, 78M)
Batting: LHB José Hernández 0-0: SINGLE (Groundball, 34D)
Batting: LHB Jason Roberts 0-0: Ball
1-0: Foul Ball, location: 2F
1-1: Swinging Strike
1-2: Strikes out swinging
Batting: LHB Jorge Rivera 0-0: Ball
1-0: Ball
2-0: Ball
3-0: Base on Balls
José Hernández to second
Batting: RHB Ricardo Salazar 0-0: Fly out, F6 (Popup, 5L)
Top of the 1st over - 0 run(s), 1 hit(s), 0 error(s), 2 left on base; Oregon 0 - Notre Dame 0
BOTTOM OF THE 1ST
Notre Dame Fighting Irish batting - Pitching for Oregon Ducks : RHP Will Tyler
Pitching: RHP Will Tyler
Batting: RHB António Muńóz 0-0: Ball
1-0: Ball
Reached via error on a dropped throw, E3
Batting: RHB Tony Parker 0-0: Called Strike
António Muńóz steals 2nd base
0-1: Fly out, F9 (Flyball, 9M)
Batting: LHB Pat White 0-0: Swinging Strike
0-1: Ball
1-1: Ground out 6-3 (Groundball, 6M)
António Muńóz to third
Batting: RHB Doug Coleman 0-0: Called Strike
0-1: Ball
1-1: SINGLE (Line Drive, 7S)
António Muńóz scores
Batting: LHB George Smith 0-0: Called Strike
0-1: Foul Ball, location: 2F
0-2: Ball
1-2: Foul Ball, location: 2F
1-2: SINGLE (Groundball, 34D)
Doug Coleman to second
Runner from 2nd tries for 3rd, SAFE, no throw or cutoff
Batting: RHB Jesús Santos 0-0: Foul Ball, location: 2F
0-1: Foul Ball, location: 2F
0-2: Strikes out swinging
Bottom of the 1st over - 1 run(s), 2 hit(s), 1 error(s), 2 left on base; Oregon 0 - Notre Dame 1
TOP OF THE 2ND
Oregon Ducks batting - Pitching for Notre Dame Fighting Irish : RHP Michael Young
Batting: LHB José Román 0-0: Ground out 4-3 (Groundball, 4)
Batting: RHB Wade Floyd 0-0: Swinging Strike
0-1: Ball
1-1: Foul Ball, location: 2F
1-2: Ground out 6-3 (Groundball, 6)
Batting: LHB Chris Hyde 0-0: Foul Ball, location: 2F
0-1: Ball
1-1: Ball
2-1: Foul Ball, location: 2F
2-2: Ball
3-2: Strikes out looking
Top of the 2nd over - 0 run(s), 0 hit(s), 0 error(s), 0 left on base; Oregon 0 - Notre Dame 1
BOTTOM OF THE 2ND
Notre Dame Fighting Irish batting - Pitching for Oregon Ducks : RHP Will Tyler
Batting: SHB Forest Cruz 0-0: Called Strike
0-1: Ball
1-1: Swinging Strike
1-2: Strikes out swinging
Batting: RHB Ron Walters 0-0: Called Strike
0-1: Swinging Strike
0-2: Ball
1-2: Foul Ball, location: 2F
1-2: Ground out 6-3 (Groundball, 6M)
Batting: RHB Ralph Gentry 0-0: Ball
1-0: SINGLE (Groundball, 56D)
Batting: RHB António Muńóz 0-0: Swinging Strike
0-1: SINGLE (Flyball, 8LS)
Ralph Gentry to second
Batting: RHB Tony Parker 0-0: Ball
1-0: Ball
2-0: Swinging Strike
2-1: Ball
3-1: Base on Balls
Ralph Gentry to third
António Muńóz to second
Batting: LHB Pat White 0-0: Ball
1-0: Foul Ball, location: 2F
1-1: Swinging Strike
1-2: Foul Ball, location: 2F
1-2: Strikes out swinging
Bottom of the 2nd over - 0 run(s), 2 hit(s), 0 error(s), 3 left on base; Oregon 0 - Notre Dame 1
TOP OF THE 3RD
Oregon Ducks batting - Pitching for Notre Dame Fighting Irish : RHP Michael Young
Batting: RHB Bob Levinson 0-0: Ball
1-0: Called Strike
1-1: Swinging Strike
1-2: Ball
2-2: Strikes out swinging
Batting: RHB Tony Cabrera 0-0: Called Strike
0-1: Foul Ball, location: 2F
0-2: Fly out, F8 (Flyball, 8RM)
Batting: LHB José Hernández 0-0: Fly out, F9 (Flyball, 9S)
Top of the 3rd over - 0 run(s), 0 hit(s), 0 error(s), 0 left on base; Oregon 0 - Notre Dame 1
BOTTOM OF THE 3RD
Notre Dame Fighting Irish batting - Pitching for Oregon Ducks : RHP Will Tyler
Batting: RHB Doug Coleman 0-0: Ball
1-0: Ball
2-0: SINGLE (Line Drive, 7LS)
Batting: LHB George Smith 0-0: Ball
1-0: Ball
2-0: Foul Ball, location: 2F
2-1: Foul Ball, location: 2F
2-2: SINGLE (Groundball, 34D)
Doug Coleman to second
Runner from 2nd tries for 3rd, SAFE, throw made to third
Batting: RHB Jesús Santos 0-0: Ball
1-0: Grounds into double play, 6-4-3 (Groundball, 6)
Doug Coleman scores
Batting: SHB Forest Cruz 0-0: Swinging Strike
0-1: Ball
1-1: Foul Ball, location: 2F
1-2: Foul Ball, location: 2F
1-2: Ball
2-2: Ball
3-2: Base on Balls
Batting: RHB Ron Walters 0-0: Foul Ball, location: 2F
0-1: Ball
1-1: Foul Ball, location: 2F
1-2: Ball
2-2: Strikes out swinging
Bottom of the 3rd over - 1 run(s), 2 hit(s), 0 error(s), 1 left on base; Oregon 0 - Notre Dame 2
TOP OF THE 4TH
Oregon Ducks batting - Pitching for Notre Dame Fighting Irish : RHP Michael Young
Batting: LHB Jason Roberts 0-0: Ball
1-0: Called Strike
1-1: Swinging Strike
1-2: Strikes out swinging
Batting: LHB Jorge Rivera 0-0: Called Strike
0-1: Ball
1-1: Swinging Strike
1-2: Foul Ball, location: 2F
1-2: Strikes out swinging
Batting: RHB Ricardo Salazar 0-0: Ball
1-0: Foul Ball, location: 2F
1-1: Called Strike
1-2: Ground out 4-3 (Groundball, 4)
Top of the 4th over - 0 run(s), 0 hit(s), 0 error(s), 0 left on base; Oregon 0 - Notre Dame 2
BOTTOM OF THE 4TH
Notre Dame Fighting Irish batting - Pitching for Oregon Ducks : RHP Will Tyler
Batting: RHB Ralph Gentry 0-0: Ball
1-0: Ball
2-0: Foul Ball, location: 2F
2-1: Swinging Strike
2-2: Strikes out looking
Batting: RHB António Muńóz 0-0: Ball
1-0: Foul Ball, location: 2F
1-1: Bunted foul
1-2: Ball
2-2: Fly out, F7 (Flyball, 8LM)
Batting: RHB Tony Parker 0-0: Called Strike
0-1: Foul Ball, location: 2F
0-2: Ball
1-2: Ground out 4-3 (Groundball, 4M)
Bottom of the 4th over - 0 run(s), 0 hit(s), 0 error(s), 0 left on base; Oregon 0 - Notre Dame 2
TOP OF THE 5TH
Oregon Ducks batting - Pitching for Notre Dame Fighting Irish : RHP Michael Young
Batting: LHB José Román 0-0: Ball
1-0: Ball
2-0: Called Strike
2-1: Foul Ball, location: 2F
2-2: Strikes out looking
Batting: RHB Wade Floyd 0-0: Ball
1-0: Ball
2-0: Ground out 5-3 (Groundball, 5S)
Batting: LHB Chris Hyde 0-0: Ball
1-0: Ball
2-0: Swinging Strike
2-1: Ball
3-1: Foul Ball, location: 2F
3-2: Strikes out looking
Top of the 5th over - 0 run(s), 0 hit(s), 0 error(s), 0 left on base; Oregon 0 - Notre Dame 2
BOTTOM OF THE 5TH
Notre Dame Fighting Irish batting - Pitching for Oregon Ducks : RHP Will Tyler
Batting: LHB Pat White 0-0: Called Strike
0-1: Called Strike
0-2: Ball
1-2: Foul Ball, location: 2F
1-2: Ground out U3 (Groundball, 3L)
Pitching: RHP Sean Flynn
Batting: RHB Doug Coleman 0-0: Ball
1-0: SINGLE (Line Drive, 56)
Batting: LHB George Smith 0-0: Called Strike
0-1: Ball
1-1: Called Strike
1-2: Ball
2-2: Strikes out swinging
Batting: RHB Jesús Santos 0-0: Called Strike
0-1: Ball
1-1: Ball
2-1: Foul Ball, location: 2F
2-2: Strikes out swinging
Bottom of the 5th over - 0 run(s), 1 hit(s), 0 error(s), 1 left on base; Oregon 0 - Notre Dame 2
TOP OF THE 6TH
Oregon Ducks batting - Pitching for Notre Dame Fighting Irish : RHP Michael Young
Batting: RHB Bob Levinson 0-0: Ball
1-0: Swinging Strike
1-1: Swinging Strike
1-2: Strikes out looking
Batting: RHB Tony Cabrera 0-0: Called Strike
0-1: Ball
1-1: Ground out 6-3 (Groundball, 6)
Batting: LHB José Hernández 0-0: Called Strike
0-1: DOUBLE (Line Drive, 4D)
Batting: LHB Jason Roberts 0-0: Foul Ball, location: 2F
0-1: Foul Ball, location: 2F
0-2: Foul Ball, location: 2F
0-2: Strikes out swinging
Top of the 6th over - 0 run(s), 1 hit(s), 0 error(s), 1 left on base; Oregon 0 - Notre Dame 2
BOTTOM OF THE 6TH
Notre Dame Fighting Irish batting - Pitching for Oregon Ducks : RHP Sean Flynn
Batting: SHB Forest Cruz 0-0: Foul Ball, location: 2F
0-1: Fly out, F7 (Flyball, 7LS)
Batting: RHB Ron Walters 0-0: Ball
1-0: Ball
2-0: Called Strike
2-1: Called Strike
2-2: Strikes out looking
Batting: RHB Ralph Gentry 0-0: Ball
1-0: Swinging Strike
1-1: SOLO HOME RUN (Flyball, 7D), Distance : 369 ft
Batting: RHB António Muńóz 0-0: Ball
1-0: Swinging Strike
1-1: Ball
2-1: Ball
3-1: Base on Balls
Batting: RHB Tony Parker 0-0: Ball
1-0: Called Strike
1-1: Fly out, F4 (Popup, 4MD)
Bottom of the 6th over - 1 run(s), 1 hit(s), 0 error(s), 1 left on base; Oregon 0 - Notre Dame 3
TOP OF THE 7TH
Oregon Ducks batting - Pitching for Notre Dame Fighting Irish : RHP Michael Young
Batting: LHB Jorge Rivera 0-0: Fly out, F8 (Flyball, 8LM)
Batting: RHB Ricardo Salazar 0-0: Ball
1-0: SINGLE (Line Drive, 9LS)
Batting: LHB José Román 0-0: Called Strike
0-1: Foul Ball, location: 2F
0-2: Ball
1-2: Ball
2-2: Fly out, F8 (Flyball, 8RM)
Batting: RHB Wade Floyd 0-0: Called Strike
0-1: Swinging Strike
0-2: SINGLE (Popup, 6D)
Ricardo Salazar to second
Pitching: RHP Roy Mitchell
Batting: LHB Chris Hyde 0-0: Ground out U3 (Groundball, 3)
Top of the 7th over - 0 run(s), 2 hit(s), 0 error(s), 2 left on base; Oregon 0 - Notre Dame 3
BOTTOM OF THE 7TH
Notre Dame Fighting Irish batting - Pitching for Oregon Ducks : RHP Sean Flynn
Batting: LHB Pat White 0-0: SINGLE (Flyball, 8RS)
Batting: RHB Doug Coleman 0-0: Fly out, F7 (Line Drive, 7S)
Pitching: LHP Theodore Plummer
Batting: LHB George Smith 0-0: Ball
Pat White steals 2nd base
1-0: Ball
2-0: Ball
3-0: Base on Balls
Batting: RHB Jesús Santos 0-0: Ball
1-0: Foul Ball, location: 2F
1-1: Ground out 4-3 (Groundball, 4M)
Pat White to third
George Smith to second
Batting: SHB Forest Cruz 0-0: Ball
1-0: DOUBLE (Line Drive, 5L)
Pat White scores
George Smith scores
Batting: RHB Ron Walters 0-0: Foul Ball, location: 2F
0-1: Ball
1-1: Ball
2-1: Ball
3-1: Base on Balls
Batting: RHB Ralph Gentry 0-0: Ball
1-0: Foul Ball, location: 2F
1-1: Ball
2-1: Ball
3-1: Base on Balls
Forest Cruz to third
Ron Walters to second
Batting: RHB António Muńóz 0-0: Ball
1-0: DOUBLE (Line Drive, 5D)
Forest Cruz scores
Ron Walters scores
Ralph Gentry to third
Runner from 3rd tries for Home, SAFE, no throw or cutoff
Pitching: RHP Paul Hernández
Batting: RHB Tony Parker 0-0: Ball
1-0: Foul Ball, location: 2F
1-1: Ball
2-1: Called Strike
2-2: Foul Ball, location: 2F
2-2: Strikes out swinging
Bottom of the 7th over - 5 run(s), 3 hit(s), 0 error(s), 1 left on base; Oregon 0 - Notre Dame 8
TOP OF THE 8TH
Oregon Ducks batting - Pitching for Notre Dame Fighting Irish : RHP Roy Mitchell
Now at 3B: Joe Gallagher
Now at SS: Tim Reid
Batting: RHB Bob Levinson 0-0: Called Strike
0-1: Ball
1-1: Foul Ball, location: 2F
1-2: Foul Ball, location: 2F
1-2: SINGLE (Groundball, 56D)
Batting: RHB Tony Cabrera 0-0: Fly out, F7 (Flyball, 78M)
Batting: LHB José Hernández 0-0: Ball
1-0: Swinging Strike
1-1: Grounds into double play, 4-6-3 (Groundball, 4)
Top of the 8th over - 0 run(s), 1 hit(s), 0 error(s), 0 left on base; Oregon 0 - Notre Dame 8
BOTTOM OF THE 8TH
Notre Dame Fighting Irish batting - Pitching for Oregon Ducks : RHP Paul Hernández
Batting: LHB Pat White 0-0: Swinging Strike
0-1: Ball
1-1: Called Strike
1-2: Ball
2-2: Ground out U3 (Groundball, 3)
Batting: RHB Doug Coleman 0-0: Fly out, F8 (Flyball, 8LM)
Batting: LHB George Smith 0-0: Ball
1-0: Swinging Strike
1-1: Foul Ball, location: 2F
1-2: Ball
2-2: Strikes out swinging
Bottom of the 8th over - 0 run(s), 0 hit(s), 0 error(s), 0 left on base; Oregon 0 - Notre Dame 8
TOP OF THE 9TH
Oregon Ducks batting - Pitching for Notre Dame Fighting Irish : RHP Roy Mitchell
Batting: LHB Jason Roberts 0-0: Ball
1-0: Called Strike
1-1: Ball
2-1: Ball
3-1: Foul Ball, location: 2F
3-2: Strikes out swinging
Batting: LHB Jorge Rivera 0-0: Swinging Strike
0-1: Called Strike
0-2: Ball
1-2: Ball
2-2: Strikes out swinging
Batting: RHB Ricardo Salazar 0-0: Called Strike
0-1: Ball
1-1: Called Strike
1-2: Strikes out swinging
Top of the 9th over - 0 run(s), 0 hit(s), 0 error(s), 0 left on base; Oregon 0 - Notre Dame 8
This league is powered by Out of the Park Baseball, the baseball management simulation game for PC, Mac and Linux
Wednesday, December 2nd, 2015 - OOTP Baseball 16.8 Build 38